AoeStats
← Sylar

Oasis

509127966Analyzed
2v2 RM · 20d ago on Sep 25, 2026· 66m 49s· 4 players
Game mode
Random Map
Map size
Medium (4 player)
Population
200
Speed
Normal
Resources
Standard
Victory
Conquest
Starting age
Dark Age
Ending age
Imperial Age
RankedLock teamsTeams togetherTeam positionsShared explorationLock speedFull tech treeHidden civsTurbo modeCheats
Victory
Defeat
🇫🇷 Persians · France
778
+18
🇫🇷 Bohemians · France
768
+19
vs
🇪🇸 Britons · Spain
847
-19
🇪🇸 Bohemians · Spain
804
-18
mmpkitos
3:01 Loom
10:51 Feudal Age
11:24 Double-Bit Axe
11:23 Horse Collar
12:33 Wheelbarrow
17:24 Castle Age
21:16 Bow Saw
22:29 Heavy Plow
30:38 Treadmill Crane
32:27 Hand Cart
37:33 Imperial Age
36:10 Yeomen
36:06 Caravan
36:13 Fletching
36:23 Padded Archer Armor
36:10 Crossbowman
37:14 Bodkin Arrow
37:35 Leather Archer Armor
37:33 Forging
37:23 Scale Mail Armor
37:28 Scale Barding Armor
38:53 Iron Casting
38:18 Bracer
38:49 Ring Archer Armor
38:44 Conscription
39:31 Chemistry
38:52 Ballistics
39:56 Two-Man Saw
41:01 Blast Furnace
40:16 Chain Mail Armor
40:21 Chain Barding Armor
40:00 Murder Holes
39:30 Pikeman
40:23 Squires
40:17 Arbalester
40:38 Halberdier
41:33 Warwolf
42:56 Arson
42:35 Onager
42:58 Elite Longbowman
43:40 Guard Tower
44:03 Masonry
45:00 Hoardings
44:32 Cranequins
45:52 Sappers
46:25 Light Cavalry
49:57 Siege Engineers
50:49 Plate Barding Armor
50:44 Plate Mail Armor
55:18 Capped Ram
CES
3:21 Loom
14:45 Feudal Age
17:40 Double-Bit Axe
20:54 Wheelbarrow
24:40 Castle Age
23:58 Horse Collar
24:25 Padded Archer Armor
24:20 Fletching
24:31 Scale Mail Armor
26:07 Town Watch
28:30 Crossbowman
30:28 Bodkin Arrow
31:00 Bow Saw
30:58 Heavy Plow
33:19 Leather Archer Armor
32:59 Elite Skirmisher
34:13 Hand Cart
35:41 Forging
40:10 Chemistry
39:25 Fortified Wall
39:12 Murder Holes
42:58 Iron Casting
42:41 Chain Mail Armor
42:31 Scale Barding Armor
44:15 Ballistics
46:32 Imperial Age
43:48 Town Watch
46:44 Pikeman
47:26 Squires
49:54 Hussite Reforms
51:31 Conscription
50:47 Sappers
52:32 Heavy Scorpion
56:58 Ring Archer Armor
57:04 Plate Mail Armor
57:01 Chain Barding Armor
57:24 Masonry
56:52 Halberdier
Nomisteak
6:19 Loom
10:53 Feudal Age
12:04 Double-Bit Axe
15:06 Horse Collar
20:51 Arson
20:27 Man-at-Arms
22:50 Forging
25:06 Castle Age
25:55 Scale Mail Armor
27:35 Heavy Plow
27:48 Bow Saw
30:46 Squires
34:08 Wheelbarrow
33:33 Town Watch
37:01 Caravan
40:21 Imperial Age
38:09 Padded Archer Armor
38:00 Fletching
38:23 Fortified Wall
38:35 Ballistics
38:12 Murder Holes
40:01 Chemistry
39:31 Hand Cart
41:28 Conscription
40:29 Elite Hussite Wagon
43:22 Pikeman
45:12 Two-Man Saw
44:38 Siege Engineers
44:44 Masonry
44:54 Chain Mail Armor
45:14 Iron Casting
45:15 Houfnice
45:35 Halberdier
57:21 Architecture
57:08 Leather Archer Armor
57:24 Plate Mail Armor
57:54 Blast Furnace
56:50 Bodkin Arrow
62:18 Ring Archer Armor
61:48 Bracer
Sylar
8:47 Loom
10:59 Feudal Age
18:44 Castle Age
17:09 Horse Collar
17:16 Double-Bit Axe
18:15 Town Watch
19:10 Wheelbarrow
18:21 Town Watch
20:05 Heavy Plow
20:48 Bow Saw
27:43 Fletching
27:55 Padded Archer Armor
28:08 Stone Mining
28:13 Gold Mining
30:11 Stone Shaft Mining
30:13 Gold Shaft Mining
31:37 Thumb Ring
30:52 Elite Skirmisher
35:22 Imperial Age
34:28 Kamandaran
33:54 Crossbowman
35:33 Hand Cart
35:19 Town Patrol
35:50 Forging
35:46 Scale Barding Armor
37:18 Caravan
37:03 Elite War Elephant
38:04 Conscription
41:10 Chain Barding Armor
41:26 Iron Casting
41:07 Citadels
41:36 Hoardings
41:12 Heated Shot
42:23 Chemistry
41:19 Murder Holes
41:34 Masonry
41:51 Ballistics
41:49 Bloodlines
41:40 Husbandry
42:53 Cavalier
42:56 Light Cavalry
44:41 Crop Rotation
44:14 Hussar
46:34 Blast Furnace
46:30 Plate Barding Armor
55:20 Scale Mail Armor
55:36 Leather Archer Armor
55:17 Bodkin Arrow
56:06 Architecture
58:03 Ring Archer Armor
57:49 Chain Mail Armor
63:41 Savar
65:40 Onager
Connection lost

Rejoining the realm…

Still unreachable

The connection could not be restored.

Session expired

The server has moved on; the page needs a fresh start.